 Dungeon Crawl Stone Soup version 0.25-a0-566-g062765be81 (webtiles) character file.

Game seed: 11792809503756455525, levelgen mode: deterministic

18 Sele the Grave Robber (level 2, 0/16 HPs)
             Began as a Deep Elf Necromancer on Feb 27, 2020.
             Slain by an ooze (1 damage)
             ... on level 1 of the Dungeon.
             The game lasted 00:04:00 (907 turns).

Sele the Grave Robber (Deep Elf Necromancer)         Turns: 907, Time: 00:04:01

Health: 0/16       AC:  2    Str:  5    XL:     2   Next: 48%
Magic:  5/8        EV: 13    Int: 19    God:
Gold:   0          SH:  0    Dex: 15    Spells: 5/7 levels left

rFire    . . .     SeeInvis .   e - +0 dagger
rCold    . . .     Gourm    .   (no shield)
rNeg     . . .     Faith    .   a - +0 robe
rPois    .         Spirit   .   (no helmet)
rElec    .         Reflect  .   (no cloak)
rCorr    .         Harm     .   (no gloves)
MR       .....                  (no boots)
Stlth    ++........             (no amulet)
HPRegen  0.05/turn              (no ring)
MPRegen  0.11/turn              (no ring)

@: no status effects
A: no striking features
a: no special abilities


You were on level 1 of the Dungeon.
You were not hungry.

You visited 1 branch of the dungeon, and saw 1 of its levels.

Inventory:

Hand Weapons
 b - a +0 hunting sling
 e - a +0 dagger (weapon)
Armour
 a - a +0 robe (worn)
Scrolls
 d - a scroll of magic mapping {unknown}
 f - a scroll of amnesia {unknown}
Potions
 g - a potion of magic {unknown}
Comestibles
 c - a ration
 h - 3 chunks of flesh


   Skills:
 * Level 0.6 Fighting
 * Level 0.5 Short Blades
 + Level 2.6 Dodging
 + Level 2.4 Stealth
 + Level 3.1 Spellcasting
 + Level 5.2 Necromancy


You had 5 spell levels left.
You knew the following spells:

 Your Spells              Type           Power        Failure   Level  Hunger
a - Pain                  Necr           ###.         1%          1    None
b - Animate Skeleton      Necr           N/A          1%          1    None

Your spell library contained the following spells:

 Spells                   Type           Power        Failure   Level  Hunger
 Vampiric Draining        Necr           ###.......   5%          3    ###....
 Animate Dead             Necr           N/A          17%         4    ####...
 Agony                    Necr           ###.....     43%         5    ######.


Dungeon Overview and Level Annotations

Branches:
Dungeon (1/15)

Altars:


Message History

Aim: an ooze (chance to defeat MR: 81%)
The ooze writhes in agony.
Your jackal skeleton bites the ooze.
The ooze hits you.
Casting: Pain (safe; 1% risk of failure)
Confirm with . or Enter, or press ? or * to list all spells.
Aiming: Pain (safe; 1% risk of failure)
Press: ? - help, Shift-Dir - straight line, f/p - ooze
Aim: an ooze (moderately wounded, chance to defeat MR: 81%)
The ooze barely resists.
Your jackal skeleton completely misses the ooze.
The ooze hits you.
* * * LOW HITPOINT WARNING * * *
Casting: Pain (safe; 1% risk of failure)
Confirm with . or Enter, or press ? or * to list all spells.
Aiming: Pain (safe; 1% risk of failure)
Press: ? - help, Shift-Dir - straight line, f/p - ooze
Aim: an ooze (moderately wounded, chance to defeat MR: 81%)
The ooze barely resists.
Your jackal skeleton bites the ooze.
The ooze hits you.
You die...

#.# ### ### #?# ...
..# #.# ..# #.###.##
#.# #.##...## ####
#.###.#.....# ##...##
...........#####..# .#
#.#
..###.###.....ZZJ###.#
#.# ..# #.#
#.######@.#.. #.#
.####.# #.#
##...#####.##
......###+##


#PPPPPPPPP.PPP# .#######...## #P.P.........P# .# ##.....####P.P.PPP.PPPPP## .#
##.......##...P...P.......# # .####.........#.P.PPP.PPPPPPP.##.
....'.........'.P.....P.....P...# .####.........##P.PPPPP.PPP.P###. You could
see an ooze, a friendly jackal skeleton and a friendly hobgoblin skeleton.

Vanquished Creatures
  A leopard gecko (D:1)
  5 bats (D:1)
  A goblin (D:1)
  2 hobgoblins (D:1)
  3 jackals (D:1)
  A frilled lizard (D:1)
13 creatures vanquished.

Vanquished Creatures (collateral kills)
  A bat (D:1)
1 creature vanquished.

Grand Total: 14 creatures vanquished

Notes
Turn   | Place    | Note
-------+----------+-------------------------------------------
     0 | D:1      | Sele the Deep Elf Necromancer began the quest for the Orb.
     0 | D:1      | Reached XP level 1. HP: 10/10 MP: 6/6
     3 | D:1      | Learned a level 1 spell: Animate Skeleton
    50 | D:1      | Reached skill level 5 in Necromancy
   104 | D:1      | Reached XP level 2. HP: 3/16 MP: 2/8
   907 | D:1      | Slain by an ooze

Levels and vault maps discovered:
D:1:      dpeg_arrival_renting, layout_loops_corners, minmay_hedge_maze

Skill      XL: |  1 |
---------------+----+-----
Necromancy     | 5 |  5.2
Fighting       | |  0.6
Short Blades   | |  0.5
Dodging        | |  2.6
Stealth        | |  2.4
Spellcasting   | |  3.1

Action                   || total
-------------------------++-------
Melee: Unarmed           ||     4
       Dagger            ||     1
 Cast: Pain              ||    29
       Animate Skeleton  ||     4
Armor: Robe              ||     6
Dodge: Dodged            ||    12

Table legend:
 A = Non-vault XP
 B = Vault XP
 C = Vault XP percentage of total XP
 D = Non-vault monster count
 E = Vault monster count
 F = Vault count percentage of total count
                 A         B        C        D         E       F
            +---------+---------+-------+---------+---------+-------
      Total |      26 |       0 |   0.0 |      14 |       0 |   0.0
            +---------+---------+-------+---------+---------+-------
        D:1 |      26 |       0 |   0.0 |      14 |       0 |   0.0
            +---------+---------+-------+---------+---------+-------
